 Dungeon Crawl Stone Soup version 0.28.0-49-g6dfe1f597d (webtiles) character file.

Game seed: 1543262430490154534

645 Revguard the Sneak (level 7, -1/52 HPs)
             Began as a Demonspawn Brigand on May 12, 2022.
             Slain by Grinder (6 damage)
             ... while paralysed by Grinder
             ... on level 4 of the Dungeon.
             The game lasted 00:11:05 (4155 turns).

Revguard the Sneak (Demonspawn Brigand)             Turns: 4155, Time: 00:11:06

Health: -1/52      AC:  7    Str: 11    XL:     7   Next: 27%
Magic:  10/10      EV:  2    Int: 12    God:
Gold:   113        SH:  0    Dex: 17    Spells: 10/10 levels left

rFire   + . .      SeeInvis .   j - +2 dagger (venom)
rCold   + . .      Faith    .   (no shield)
rNeg    . . .      Spirit   .   n - +0 leather armour
rPois   .          Reflect  .   m - +0 helmet
rElec   .          Harm     .   f - scarf {rC+ rF+}
rCorr   .          Rampage  .   (no gloves)
Will    .....                   (no boots)
Stlth   +++.......              (no amulet)
HPRegen 0.17/turn               (no ring)
MPRegen 0.12/turn               (no ring)

@: paralysed
A: claws 1, slimy green scales 2, powered by pain 2
a: no special abilities


You were on level 4 of the Dungeon.
You visited 1 branch of the dungeon, and saw 4 of its levels.

You collected 113 gold pieces.

Inventory:

Hand Weapons
 a - a +2 dagger
 j - a +2 dagger of venom (weapon)
Missiles
 d - 7 poisoned darts (quivered)
Armour
 f - a scarf of resistance (worn)
 m - a +0 helmet (worn)
 n - a +0 leather armour (worn)
Scrolls
 b - 2 scrolls of vulnerability {unknown}
 c - a scroll of blinking {unknown}
 h - 3 scrolls of teleportation {unknown}
 i - 3 scrolls of identify {unknown}
 k - 2 scrolls of enchant armour {unknown}
 l - 2 scrolls of acquirement {unknown}
Potions
 g - 2 potions of curing


   Skills:
 + Level 3.2 Fighting
 + Level 2.8 Short Blades
 - Level 1.7 Throwing
 * Level 3.1 Armour
 + Level 2.5 Dodging
 * Level 5.1 Stealth
 + Level 2.0 Spellcasting
 + Level 2.3 Hexes


You had 10 spell levels left.
You didn't know any spells.
Your spell library contained the following spells:

 Spells                   Type           Power      Damage    Failure   Level
 Animate Skeleton         Necr           2%         N/A       34%         1
 Apportation              Tloc           2%         N/A       34%         1
 Summon Small Mammal      Summ           4%         N/A       34%         1
 Excruciating Wounds      Necr           0%         N/A       100%        5
 Borgnjor's Revivificati  Necr           0%         N/A       100%        8


Dungeon Overview and Level Annotations

Branches:
Dungeon (4/15)
 Temple: D:4-7

Altars:
Fedhas
Vehumet

Annotations:
D:4 Grinder


Innate Abilities, Weirdness & Mutations

You have sharp fingernails.
You are mostly covered in slimy green scales. (AC +3)
You sometimes gain power by taking damage.


Message History

Grinder is lightly wounded.
Grinder barely misses you.
You hit Grinder.
Grinder is lightly wounded.
Grinder hits you.
You writhe in agony.
You closely miss Grinder.
Grinder is lightly wounded.
Grinder gestures at you. You resist with significant effort.
You hit Grinder but do no damage.
Grinder is lightly wounded.
Grinder hits you but does no damage.
You hit Grinder.
Grinder is lightly wounded.
Grinder hits you but does no damage.
You barely miss Grinder.
Grinder is lightly wounded.
Grinder hits you.
You writhe in agony.
You hit Grinder.
Grinder is moderately wounded.
You hit Grinder.
Grinder is moderately wounded.
Grinder hits you.
You hit Grinder but do no damage.
Grinder is poisoned.
Grinder is moderately wounded.
Grinder hits you.
You writhe in agony.
You hit Grinder.
Grinder is moderately wounded.
Grinder says, "Don't move a muscle."
Grinder gestures at you.
You suddenly lose the ability to move!
Grinder blinks!
Grinder hits you!
* * * LOW HITPOINT WARNING * * *
You writhe in agony.
* * * LOW HITPOINT WARNING * * *
Grinder blinks!
Grinder hits you but does no damage.
Grinder looks more healthy.
Grinder hits you.
You die...

##### #(..# ♣#♣#♣#♣
♣§♣.# #.....# #@# #
##♣.♣.♣.♣ ♣5♣
#.......# #.# ###
###.♣.♣.♣.♣#♣)♣....#
....>................
###♣#♣.♣#♣#♣.♣..#.##
#.......#.#...#.#.#
#.#.#.........#.#.#
####
#...<...#.#..##.#.#
#..


You could see Grinder.

Vanquished Creatures
  An orc warrior (D:4)
  2 ogres (D:4)
  2 water moccasin skeletons (D:4)
  A jelly (D:4)
  Natasha (twice) (D:4)
  3 orc wizards (D:4)
  3 gnolls (D:3)
  3 adders
  A worm (D:3)
  2 dart slugs (D:3)
  14 orcs
  3 bats (D:2)
  3 endoplasms (D:1)
  2 giant cockroaches
  4 goblins
  5 hobgoblins
  2 quokkas
  7 ball pythons
  2 frilled lizards
  6 kobolds
  3 rats
71 creatures vanquished.

Vanquished Creatures (others)
  2 plants (D:4)
2 creatures vanquished.

Grand Total: 73 creatures vanquished

Notes
Turn   | Place    | Note
-------+----------+-------------------------------------------
     0 | D:1      | Revguard the Demonspawn Brigand began the quest for the
                  | Orb.
     0 | D:1      | Reached XP level 1. HP: 16/16 MP: 1/1
   376 | D:1      | Reached skill level 1 in Dodging
   433 | D:1      | Gained mutation: You are partially covered in slimy green
                  | scales. (AC +2) [demonic ancestry]
   433 | D:1      | Reached XP level 2. HP: 20/22 MP: 2/2
   699 | D:1      | Found a faded altar of an unknown god.
  1206 | D:2      | Gained mutation: You sometimes gain a little power by
                  | taking damage. [demonic ancestry]
  1206 | D:2      | Reached XP level 3. HP: 13/27 MP: 3/3
  2076 | D:3      | Reached skill level 1 in Armour
  2088 | D:3      | Reached skill level 4 in Stealth
  2097 | D:3      | Gained mutation: You have sharp fingernails. [demonic
                  | ancestry]
  2097 | D:3      | Reached XP level 4. HP: 34/34 MP: 3/5
  2108 | D:3      | Reached skill level 1 in Hexes
  2428 | D:3      | Got Cigotuvi's Guide on Evil Magic
  2652 | D:3      | Found a blossoming altar of Fedhas.
  2719 | D:3      | Found a faded altar of an unknown god.
  2725 | D:3      | Found a radiant altar of Vehumet.
  3026 | D:4      | Reached skill level 1 in Spellcasting
  3305 | D:4      | Reached XP level 5. HP: 38/39 MP: 6/6
  3397 | D:4      | Noticed an ogre
  3404 | D:4      | Killed an ogre
  3405 | D:4      | Gained mutation: You sometimes gain power by taking damage.
                  | [demonic ancestry]
  3405 | D:4      | Reached XP level 6. HP: 46/46 MP: 6/8
  3516 | D:4      | Noticed an orc warrior
  3516 | D:4      | Noticed Natasha
  3542 | D:4      | Killed Natasha
  3551 | D:4      | Killed an orc warrior
  3837 | D:4      | Noticed Natasha
  3843 | D:4      | Killed Natasha
  3844 | D:4      | Reached skill level 5 in Stealth
  3844 | D:4      | Gained mutation: You are mostly covered in slimy green
                  | scales. (AC +3) [demonic ancestry]
  3844 | D:4      | Reached XP level 7. HP: 47/52 MP: 9/9
  4127 | D:4      | Noticed Grinder
  4130 | D:4      | Paralysed by Grinder for 2 turns
  4150 | D:4      | Paralysed by Grinder for 6 turns
  4155 | D:4      | Slain by Grinder

Illustrated notes

Levels and vault maps discovered:
D:1:      tarquinn_simple_flora_water_b, layout_rooms,
          shapermc_ecumenical_altar_pompeii
D:2:      layout_basic
D:3:      layout_basic, nicolae_overflow_ecumenical_swirl, fedhas_altar_4
D:4:      layout_basic, nzn_overflow_gifts_of_might_and_magic, serial_forest,
          infiniplex_forest_end_double, infiniplex_forest_straight_3,
          infiniplex_forest_straight_3, infiniplex_forest_lined_2,
          infiniplex_forest_clump_long, infiniplex_forest_lined_room_2,
          infiniplex_forest_corner_2, uniq_grinder, uniq_natasha

Skill      XL: |  1  2  3  4  5  6  7 |
---------------+----------------------+-----
Dodging        | 1 2 |  2.5
Short Blades   | 2 |  2.8
Armour         | 1 2 3 |  3.1
Stealth        | 4 5 |  5.1
Hexes          | 1 2 |  2.3
Spellcasting   | 1 2 |  2.0
Fighting       | 3 |  3.2
Throwing       | |  1.7

Action                   |  1- 3 |  4- 6 |  7- 9 || total
-------------------------+-------+-------+-------++-------
Melee: Dagger            |    94 |   103 |    40 ||   237
       Punch             |     2 |       |       ||     2
Throw: Dart              |     3 |     4 |     4 ||    11
  Use: Potion            |       |       |     1 ||     1
 Stab: Sleeping          |     4 |     4 |       ||     8
Armor: Robe              |    22 |     3 |       ||    25
       Leather armour    |       |    16 |    22 ||    38
Dodge: Dodged            |    51 |    50 |    16 ||   117
